 Dungeon Crawl Stone Soup version 0.28.0-47-ge53b351184 (webtiles) character file.

Game seed: 6272335293410207970

25 CryoSword the Insei (level 3, 0/17 HPs)
             Began as a Vine Stalker Transmuter on Apr 27, 2022.
             Slain by Sigmund
             ... wielding a +0 scythe
              (1 damage)
             ... on level 2 of the Dungeon.
             The game lasted 00:02:53 (2220 turns).

CryoSword the Insei (Vine Stalker Transmuter)       Turns: 2220, Time: 00:02:54

Health: 0/17       AC:  3    Str: 14    XL:     3   Next: 4%
Magic:  0/7        EV: 12    Int: 13    God:
Gold:   111        SH:  0    Dex: 14    Spells: 1/6 levels left

rFire   . . .      SeeInvis .     - Unarmed
rCold   . . .      Faith    .   (no shield)
rNeg    . . .      Spirit   +   a - +0 robe
rPois   .          Reflect  .   (no helmet)
rElec   .          Harm     .   (no cloak)
rCorr   .          Rampage  .   (no gloves)
Will    .....                   b - +0 pair of boots
Stlth   +.........              (no amulet)
HPRegen 0.05/turn               e - ring of wizardry
MPRegen 0.10/turn               (no ring)

@: no status effects
A: fangs 2, magic shield, antimagic bite, no potion heal 2
a: no special abilities


You were on level 2 of the Dungeon.
You visited 1 branch of the dungeon, and saw 2 of its levels.

You collected 111 gold pieces.

Inventory:

Armour
 a - a +0 robe (worn)
 b - a +0 pair of boots (worn)
   (You found it on level 1 of the Dungeon)
Jewellery
 e - a ring of wizardry (left hand)
   (You found it on level 1 of the Dungeon)
Scrolls
 d - a scroll of identify {unknown}
 f - a scroll of amnesia {unknown}
 g - a scroll of torment {unknown}
 i - a scroll of vulnerability {unknown}
Potions
 c - a potion of haste {unknown}
 h - a potion of heal wounds {unknown}


   Skills:
 - Level 0.8 Fighting
 - Level 1.5 Dodging
 + Level 4.1 Unarmed Combat
 - Level 2.1 Spellcasting
 - Level 2.0 Transmutations


You had one spell level left.
You knew the following spells:

 Your Spells              Type           Power      Damage    Failure   Level
a - Beastly Appendage     Tmut           12%        N/A       4%          1
b - Wereblood             Tmut           6%         N/A       7%          2
B - Blink                 Tloc           2%         N/A       16%         2

Your spell library contained the following spells:

 Spells                   Type           Power      Damage    Failure   Level
 Spider Form              Tmut/Pois      4%         N/A       21%         3
 Lesser Beckoning         Tloc           1%         N/A       28%         3
 Ice Form                 Ice/Tmut       4%         N/A       52%         4
 Manifold Assault         Tloc           1%         N/A       93%         5


Dungeon Overview and Level Annotations

Branches:
Dungeon (2/15)

Altars:

Shops:
D:1 *

Annotations:
D:2 Sigmund


Innate Abilities, Weirdness & Mutations

You have extremely sharp teeth.
When hurt, damage is shared between your health and your magic reserves.
Your bite disrupts and absorbs the magic of your enemies.
Potions cannot restore your health.


Message History

A goblin is nearby!
An endoplasm comes into view.
The endoplasm quivers.
The goblin shouts!
You hit the endoplasm but do no damage.
The goblin hits you with a +0 quarterstaff.
The endoplasm barely misses you.
You hit the endoplasm.
You kill the endoplasm!
The goblin closely misses you.
You closely miss the goblin. You bite the goblin. You drain its power.
The goblin hits you with a +0 quarterstaff.
You are too injured to fight recklessly!
You are too injured to fight recklessly!
You are too injured to fight recklessly!
You are too injured to fight recklessly!
You hit the goblin.
You kill the goblin!
Your Unarmed Combat skill increases to level 4!
You now have enough gold to buy a scroll of blinking on D:1, or buy a scroll of enchant armour on D:1.
You now have 111 gold pieces (gained 8).
Things that are here:
a +0 quarterstaff; a goblin corpse You start resting.
A kobold comes into view. It is wielding a +0 short sword.
The kobold shouts!
You closely miss the kobold. You bite the kobold, but do no damage.
The kobold hits you but does no damage.
You hit the kobold.
You kill the kobold!
No target in view!
No target in view!
There is an open door here.
You see here a +0 dagger.
There is a large open door here.
There is a large open door here.
A goblin comes into view. It is wielding a +0 dagger.
The goblin shouts!
A goblin is nearby!
A goblin is nearby!
A goblin is nearby!
You grow a pair of large bovine horns.
Your feet morph into talons.
Your +0 pair of boots melds into your body.
You hit the goblin. Your kick misses the goblin.
The goblin hits you but does no damage.
You barely miss the goblin. You claw the goblin, but do no damage.
The goblin hits you with a +0 dagger.
You barely miss the goblin. Your headbutt misses the goblin.
You bite the goblin.
You kill the goblin!
You have reached level 3!
Your experience leads to an increase in your attributes!
Increase (S)trength, (I)ntelligence, or (D)exterity?
You feel stronger. x2
Your transformation is almost over.
Your horns disappear.
Your talons disappear.
Your +0 pair of boots unmelds from your body.
Things that are here:
a +0 dagger; a goblin corpse
i - a scroll labelled XAMANOSHAO
Found an escape hatch in the ceiling.
There is an escape hatch in the ceiling here.
A rat comes into view.
The rat twitches its whiskers.
A rat is nearby!
A rat is nearby!
You grow a pair of large bovine horns.
Your feet morph into talons.
Your +0 pair of boots melds into your body.
The rat bites you.
You completely miss the rat. The rat bites you.
You hit the rat.
You kill the rat!
Your transformation is almost over.
No target in view!
Your horns disappear.
Your talons disappear.
Your +0 pair of boots unmelds from your body.
Found an escape hatch in the floor.
A rat comes into view.
A rat is nearby!
A rat is nearby!
You grow a pair of large bovine horns.
Your feet morph into talons.
Your +0 pair of boots melds into your body.
The helpless rat fails to defend itself.
You hit the rat. Your headbutt misses the rat.
Your transformation is almost over.
The rat twitches its whiskers.
The rat bites you.
You barely miss the rat. The rat barely misses you.
You punch the rat!
You kill the rat!
No target in view!
Your horns disappear.
Your talons disappear.
Your +0 pair of boots unmelds from your body.
Could not explore, unopened door.
Could not explore, unopened door.
Could not explore, unopened door.
You open the door.
Sigmund the Dreaded comes into view.
He is wielding a +0 scythe.
You close the door.
Something unseen opens the door.
Sigmund gestures at you while chanting. The puff of flame hits you!
Sigmund gestures at you while chanting. The magic dart hits you.
There is an escape hatch in the ceiling here.
A mysterious force pulls you upwards. The hatch slams shut behind you.
You start resting.
There is a stone staircase leading down here.
You start resting.
You climb downwards.
Level annotation: Sigmund
There is a stone staircase leading up here.
You open the door.
There is an open door here.
You open the door.
There is an open door here.
Found 27 arrows.
Sigmund shouts!
There is an open door here.
Sigmund closely misses you.
Sorry, you're not good enough to have a special ability.
Unknown command.
Okay, then.
Sigmund barely misses you.
You closely miss Sigmund. You bite Sigmund.
Sigmund's magic leaks into the air.
You drain his magic. You closely miss Sigmund. Sigmund misses you.
You closely miss Sigmund.
Sigmund's magic is no longer disrupted.
You closely miss Sigmund. You bite Sigmund.
Sigmund's magic leaks into the air.
You drain his magic. Sigmund barely misses you.
You closely miss Sigmund.
Sigmund falters for a moment.
You hit Sigmund. Your bite misses Sigmund. Sigmund closely misses you.
You closely miss Sigmund. You bite Sigmund.
Sigmund's magic leaks into the air.
You drain his magic. You hit Sigmund. Sigmund barely misses you.
You hit Sigmund but do no damage. Your bite misses Sigmund.
You hit Sigmund but do no damage. Your bite misses Sigmund.
Sigmund falters for a moment.
You hit Sigmund. Your punch misses Sigmund. Sigmund hits you with a +0 scythe!
You hit Sigmund but do no damage.
Sigmund falters for a moment.
You barely miss Sigmund. You hit Sigmund. Your bite misses Sigmund.
Sigmund casts a spell at you. The puff of flame hits you!
Ouch! That really hurt!
* * * LOW HITPOINT WARNING * * *
You hit Sigmund. Sigmund barely misses you.
You barely miss Sigmund. You bite Sigmund.
Sigmund's magic leaks into the air.
You drain his magic.
You feel invigorated. Sigmund hits you with a +0 scythe.
You die...

........#....#.......##.....##.##
........'.##.##########.....##.#
........#.##.######## ##)......##
###...#.#...........####.....@...
#.###.###..................#..#
#.###.# #.........#..#.###.....
#.....# #.....>...#..#...###...
####### #.........#........#.##
#.....@...#......#.#...
#....@#'##########<#... #.....#.#
#.......####
#.....#.######........#
#.....#.......#.#####.#
############.##.#####..
#.##...(#### #.#####.# #.......#


You could see Sigmund (magic disrupted).

Vanquished Creatures
  A worm (D:2)
  A ball python (D:1)
  5 bats
  3 endoplasms
  A giant cockroach (D:2)
  3 goblins
  A hobgoblin (D:2)
  A kobold (D:2)
  5 rats
21 creatures vanquished.

Notes
Turn   | Place    | Note
-------+----------+-------------------------------------------
     0 | D:1      | CryoSword the Vine Stalker Transmuter began the quest for
                  | the Orb.
     0 | D:1      | Reached XP level 1. HP: 9/9 MP: 4/4
   195 | D:1      | Found Jalukus's General Store.
   576 | D:1      | Reached XP level 2. HP: 12/14 MP: 4/6
   788 | D:1      | Found a faded altar of an unknown god.
   885 | D:1      | Learned a level 2 spell: Wereblood
   888 | D:1      | Learned a level 2 spell: Blink
  1583 | D:2      | Reached skill level 4 in Unarmed Combat
  1715 | D:2      | Reached XP level 3. HP: 14/17 MP: 4/7
  1934 | D:2      | Noticed Sigmund
  2220 | D:2      | Slain by Sigmund

Illustrated notes

Levels and vault maps discovered:
D:1:      elethiomel_arrival_shortcut, layout_loops_ring, serial_shops,
          nicolae_shop_stone, ebering_ecumenical_altar_hall, minmay_tromino_i4
D:2:      layout_basic, uniq_sigmund

Skill      XL: |  1  2 |
---------------+-------+-----
Unarmed Combat | 4 |  4.1
Fighting       | |  0.8
Dodging        | |  1.5
Spellcasting   | |  2.1
Transmutations | |  2.0

Action                   || total
-------------------------++-------
Melee: Unarmed           ||    66
       Bite              ||    14
       Kick              ||     4
       Headbutt          ||     1
       Punch             ||     1
 Cast: Beastly Appendage ||    12
 Stab: Sleeping          ||     1
Armor: Robe              ||     6
Dodge: Dodged            ||    31
